[ AOE2 MATCH · #485438834 ]
UnrankedMongols vs Khmer
Player's team · WIN
Rival team · LOSS
[ REPLAY ANALYSIS · EXTRACTED FROM THE RECORDED GAME ]
Feudal
13:14
Castle
17:27
Imperial
—
| APM avg | 32.3 |
| APM peak | 79 |
| eAPM avg | 12.7 |
| Villagers / military | 34 / 8 |
Focus
⚔️ 22.1% · 🌾 77.9%
Knight ×5 · Militia ×3
Feudal
8:58
Castle
—
Imperial
—
| APM avg | 49.2 |
| APM peak | 97 |
| eAPM avg | 25.2 |
| Villagers / military | 47 / 32 |
Focus
⚔️ 32.4% · 🌾 67.6%
Archer ×30 · Spearman ×2
Match map
Initial resources + every placement click. Lines = walls · curves = elevation contours. ◆ gold · ⬟ stone · ● berries · ✦ relic · ◌ wall gap
Your base· ✓ Closed at 17:27 · 41t walls · no gate
sguu's base· Open — opponent sealed themselves in
Smoothed initial terrain · ◌ = detected wall gap · hover for details
Inputs per minute
— DS_Gitano Urbano - - sguu
Build order — DS_Gitano Urbano
99 actions detected in the replay
| 0:00 | Create | Villager (Male) |
| 0:02 | Build | House |
| 0:03 | Build | House |
| 0:23 | Create | Villager (Male) |
| 0:24 | Create | Villager (Male) |
| 0:24 | Create | Villager (Male) |
| 1:30 | Create | Villager (Male) |
| 2:02 | Create | Villager (Male) |
| 2:10 | Build | Lumber Camp |
| 2:20 | Create | Villager (Male) |
| 2:44 | Create | Villager (Male) |
| 3:14 | Create | Villager (Male) |
| 3:24 | Build | House |
| 3:26 | Build | House |
| 3:33 | Create | Villager (Male) |
| 3:34 | Create | Villager (Male) |
| 3:34 | Create | Villager (Male) |
| 3:57 | Create | Villager (Male) |
| 4:43 | Create | Villager (Male) |
| 5:08 | Create | Villager (Male) |
| 5:20 | Create | Villager (Male) |
| 5:31 | Build | Barracks |
| 6:01 | Create | Villager (Male) |
| 6:11 | Create | Militia |
| 6:12 | Create | Militia |
| 6:13 | Create | Militia |
| 6:18 | Create | Villager (Male) |
| 6:36 | Build | Mill |
| 6:39 | Create | Villager (Male) |
| 6:47 | Build | House |
| 6:49 | Build | Palisade Wall |
| 7:03 | Build | House |
| 7:20 | Create | Villager (Male) |
| 7:53 | Research | Loom |
| 8:15 | Create | Villager (Male) |
| 8:26 | Create | Villager (Male) |
| 8:44 | Build | Mill |
| 8:55 | Build | House |
| 8:57 | Build | Palisade Wall |
| 9:06 | Create | Villager (Male) |
| 9:15 | Create | Villager (Male) |
| 9:17 | Build | Mining Camp |
| 10:01 | Build | Farm |
| 10:01 | Build | Farm |
| 10:01 | Build | Farm |
| 10:04 | Create | Villager (Male) |
| 10:08 | Build | Farm |
| 10:19 | Build | Palisade Wall |
| 10:25 | Build | Farm |
| 10:26 | Build | Farm |
| 10:27 | Build | Farm |
| 10:35 | Create | Villager (Male) |
| 11:04 | Research | Feudal Age |
| 11:11 | Build | Palisade Wall |
| 11:32 | Build | Palisade Wall |
| 11:43 | Build | Farm |
| 12:18 | Build | Farm |
| 12:18 | Build | Farm |
| 12:18 | Build | Farm |
| 12:19 | Build | Farm |
| 12:32 | Create | Villager (Male) |
| 12:44 | Build | Lumber Camp |
| 12:51 | Build | Palisade Wall |
| 13:14 | Age | Feudal Age |
| 13:17 | Build | Market |
| 13:28 | Create | Villager (Male) |
| 13:47 | Build | Blacksmith |
| 13:49 | Create | Villager (Male) |
| 14:30 | Build | Lumber Camp |
| 14:47 | Research | Castle Age |
| 14:47 | Research | Castle Age |
| 15:15 | Build | Mining Camp |
| 15:38 | Research | Forging |
| 15:43 | Research | Scale Barding Armor |
| 15:54 | Research | Double-Bit Axe |
| 16:13 | Build | Stable |
| 16:16 | Create | Villager (Male) |
| 16:23 | Build | House |
| 17:05 | Research | Bloodlines |
| 17:27 | Age | Castle Age |
| 17:29 | Create | Knight |
| 17:29 | Create | Knight |
| 17:42 | Build | Stable |
| 17:49 | Create | Villager (Male) |
| 17:55 | Build | Farm |
| 18:09 | Build | Farm |
| 18:16 | Create | Knight |
| 18:30 | Build | Farm |
| 18:36 | Create | Knight |
| 18:36 | Create | Knight |
| 18:40 | Build | House |
| 18:52 | Build | Farm |
| 19:19 | Create | Villager (Male) |
| 19:19 | Create | Villager (Male) |
| 19:37 | Build | Farm |
| 19:47 | Create | Villager (Male) |
| 19:48 | Build | Farm |
| 20:03 | Build | Farm |
| 20:06 | Build | House |
Build order — sguu
143 actions detected in the replay
| 0:00 | Create | Villager (Male) |
| 0:00 | Create | Villager (Male) |
| 0:01 | Create | Villager (Male) |
| 0:02 | Build | House |
| 0:03 | Build | House |
| 0:08 | Create | Villager (Male) |
| 1:27 | Create | Villager (Male) |
| 1:27 | Create | Villager (Male) |
| 1:49 | Build | Lumber Camp |
| 2:03 | Create | Villager (Male) |
| 2:03 | Create | Villager (Male) |
| 2:14 | Create | Villager (Male) |
| 2:14 | Create | Villager (Male) |
| 2:15 | Create | Villager (Male) |
| 2:48 | Create | Villager (Male) |
| 3:01 | Build | House |
| 3:01 | Create | Villager (Male) |
| 3:01 | Create | Villager (Male) |
| 3:40 | Create | Villager (Male) |
| 4:09 | Create | Villager (Male) |
| 4:16 | Build | Mill |
| 4:25 | Build | Mill |
| 4:27 | Create | Villager (Male) |
| 5:06 | Create | Villager (Male) |
| 5:06 | Create | Villager (Male) |
| 5:33 | Create | Villager (Male) |
| 5:40 | Create | Villager (Male) |
| 6:13 | Research | Loom |
| 6:36 | Research | Feudal Age |
| 6:36 | Research | Feudal Age |
| 7:44 | Build | House |
| 7:48 | Build | Mining Camp |
| 7:50 | Create | Villager (Male) |
| 8:02 | Build | Palisade Wall |
| 8:41 | Create | Villager (Male) |
| 8:51 | Build | Barracks |
| 8:54 | Build | Palisade Wall |
| 8:58 | Age | Feudal Age |
| 9:00 | Research | Double-Bit Axe |
| 9:01 | Create | Villager (Male) |
| 9:07 | Build | House |
| 9:11 | Build | Palisade Wall |
| 9:16 | Build | Palisade Wall |
| 9:22 | Build | Palisade Wall |
| 9:23 | Build | Palisade Wall |
| 9:49 | Create | Villager (Male) |
| 10:05 | Build | Archery Range |
| 10:17 | Create | Villager (Male) |
| 10:21 | Build | Farm |
| 10:40 | Build | Palisade Wall |
| 10:45 | Build | House |
| 10:50 | Build | Palisade Wall |
| 10:54 | Build | Farm |
| 10:56 | Create | Archer |
| 10:56 | Create | Archer |
| 10:56 | Create | Archer |
| 10:58 | Create | Villager (Male) |
| 11:18 | Build | Farm |
| 11:19 | Create | Villager (Male) |
| 11:23 | Create | Archer |
| 11:40 | Create | Archer |
| 11:40 | Create | Archer |
| 11:40 | Create | Archer |
| 11:47 | Create | Archer |
| 11:51 | Build | Farm |
| 11:59 | Create | Villager (Male) |
| 11:59 | Create | Villager (Male) |
| 12:05 | Build | Farm |
| 12:06 | Create | Archer |
| 12:09 | Create | Archer |
| 12:09 | Create | Archer |
| 12:21 | Build | Farm |
| 12:22 | Build | Farm |
| 12:22 | Create | Archer |
| 12:22 | Create | Archer |
| 12:32 | Create | Archer |
| 12:32 | Create | Archer |
| 12:33 | Create | Archer |
| 12:45 | Create | Villager (Male) |
| 12:48 | Create | Villager (Male) |
| 12:55 | Create | Archer |
| 13:02 | Build | Blacksmith |
| 13:12 | Create | Archer |
| 13:13 | Create | Archer |
| 13:14 | Create | Villager (Male) |
| 13:14 | Create | Villager (Male) |
| 13:17 | Create | Archer |
| 13:17 | Create | Archer |
| 13:18 | Create | Villager (Male) |
| 13:22 | Build | House |
| 13:24 | Build | Palisade Wall |
| 13:39 | Build | Watch Tower |
| 13:44 | Create | Villager (Male) |
| 13:44 | Create | Villager (Male) |
| 13:51 | Build | Farm |
| 13:53 | Build | Farm |
| 13:59 | Create | Archer |
| 14:10 | Create | Villager (Male) |
| 14:26 | Build | House |
| 14:27 | Build | Palisade Wall |
| 14:28 | Create | Archer |
| 14:41 | Create | Archer |
| 14:44 | Research | Fletching |
| 14:44 | Research | Fletching |
| 14:58 | Create | Archer |
| 15:01 | Create | Villager (Male) |
| 15:10 | Build | House |
| 15:11 | Build | House |
| 15:13 | Create | Archer |
| 15:19 | Create | Villager (Male) |
| 15:23 | Build | Farm |
| 15:37 | Create | Villager (Male) |
| 15:40 | Build | Palisade Wall |
| 15:40 | Build | Palisade Wall |
| 16:05 | Build | Palisade Wall |
| 16:05 | Build | Palisade Wall |
| 16:06 | Build | Palisade Wall |
| 16:07 | Build | Palisade Wall |
| 16:08 | Build | Palisade Wall |
| 16:11 | Create | Villager (Male) |
| 16:17 | Build | Market |
| 17:00 | Create | Villager (Male) |
| 17:01 | Create | Villager (Male) |
| 17:07 | Build | Farm |
| 17:17 | Build | House |
| 17:44 | Create | Villager (Male) |
| 18:02 | Build | Farm |
| 18:02 | Build | Farm |
| 18:37 | Build | Farm |
| 18:40 | Research | Castle Age |
| 18:40 | Research | Castle Age |
| 18:59 | Create | Archer |
| 18:59 | Create | Archer |
| 18:59 | Create | Archer |
| 18:59 | Create | Archer |
| 19:09 | Build | Farm |
| 19:09 | Build | Farm |
| 19:41 | Create | Spearman |
| 19:41 | Create | Spearman |
| 19:43 | Create | Villager (Male) |
| 19:54 | Create | Villager (Male) |
| 20:00 | Build | Farm |
| 20:04 | Build | House |
Match timeline
| 5:31 | DS_Gitano Urbano · first_building Barracks |
| 6:49 | DS_Gitano Urbano · wall_segment Palisade Wall x4 |
| 8:02 | sguu · wall_segment Palisade Wall x1 |
| 8:51 | sguu · first_building Barracks |
| 8:54 | sguu · wall_segment Palisade Wall x1 |
| 8:57 | DS_Gitano Urbano · wall_segment Palisade Wall x22 |
| 8:58 | sguu · age_up feudal |
| 9:11 | sguu · wall_segment Palisade Wall x1 |
| 9:16 | sguu · wall_segment Palisade Wall x4 |
| 9:22 | sguu · wall_segment Palisade Wall x4 |
| 9:23 | sguu · wall_segment Palisade Wall x3 |
| 10:05 | sguu · first_building Archery Range |
| 10:19 | DS_Gitano Urbano · wall_segment Palisade Wall x13 |
| 10:40 | sguu · wall_segment Palisade Wall x1 |
| 10:50 | sguu · wall_segment Palisade Wall x4 |
| 11:11 | DS_Gitano Urbano · wall_segment Palisade Wall x1 |
| 11:32 | DS_Gitano Urbano · wall_segment Palisade Wall x2 |
| 12:51 | DS_Gitano Urbano · wall_segment Palisade Wall x1 |
| 13:14 | DS_Gitano Urbano · age_up feudal |
| 13:24 | sguu · wall_segment Palisade Wall x7 |
| 14:27 | sguu · wall_segment Palisade Wall x5 |
| 15:09 | DS_Gitano Urbano · first_market_sell 100 stone |
| 15:12 | DS_Gitano Urbano · first_market_buy 100 wood |
| 15:40 | sguu · wall_segment Palisade Wall x1 |
| 15:40 | sguu · wall_segment Palisade Wall x11 |
| 16:05 | sguu · wall_segment Palisade Wall x1 |
| 16:05 | sguu · wall_segment Palisade Wall x1 |
| 16:06 | sguu · wall_segment Palisade Wall x1 |
| 16:07 | sguu · wall_segment Palisade Wall x1 |
| 16:08 | sguu · wall_segment Palisade Wall x1 |
| 16:13 | DS_Gitano Urbano · first_building Stable |
| 17:27 | DS_Gitano Urbano · age_up castle |
| 17:28 | sguu · first_market_buy 100 food |
| 17:30 | sguu · first_market_sell 100 wood |
| 20:10 | sguu · resign |
[ AI ANALYSIS · 1 CREDIT ]
What really happened in this match?
Wolo.gg analyzes every decision: build order, eco, micro, common mistakes by bracket. Personalized analysis on WhatsApp or Discord in 30 seconds.
Civ guide
Mongols
Perfil
Jugador #352739